 Dungeon Crawl Stone Soup version 0.13.1 (webtiles) character file.

145 Grandi the Magician (level 4, -8/28 HPs)
             Began as a Human Wizard on Dec 1, 2013.
             Was an Initiate of Sif Muna.
             Killed from afar by an orc wizard (11 damage)
             ... with a magic dart
             ... on Level 3 of the Dungeon.
             The game lasted 00:16:04 (3479 turns).

Grandi the Magician (Human Wizard)                  Turns: 3479, Time: 00:16:04

HP  -8/28        AC  3     Str 12      XL: 4   Next: 72%
MP   5/11        EV 11     Int 20      God: Sif Muna [......]
Gold 61          SH  0     Dex 11      Spells:  4 memorised,  2 levels left

Res.Fire  : . . .   See Invis. : .   p - +1 elf dagger (holy)
Res.Cold  : . . .   Warding    : .   l - +0 leather armour
Life Prot.: . . .   Conserve   : .   (no shield)
Res.Poison: .       Res.Corr.  : .   b - +0 wizard hat
Res.Elec. : .       Clarity    : .   (no cloak)
Sust.Abil.: . .     Spirit.Shd : .   (no gloves)
Res.Mut.  : .       Stasis     : .   (no boots)
Res.Rott. : .       Flight     : .   (no amulet)
Saprovore : . . .                    (no ring)
                                     (no ring)

@: mighty, mildly poisoned, slightly resistant to hostile enchantments,
unstealthy
A: no striking features
a: Renounce Religion


You were on level 3 of the Dungeon.
You worshipped Sif Muna.
Sif Muna was noncommittal.
You were not hungry.

You visited 1 branch of the dungeon, and saw 4 of its levels.

You collected 41 gold pieces.

Inventory:

Hand weapons
 f - a +0,+0 elven dagger
 p - a +1,+1 elven dagger of holy wrath (weapon)
Missiles
 h - 14 darts of frost (quivered)
 k - 33 darts
Armour
 a - a +0 robe
 b - a +0 wizard hat (worn)
 l - a +0 leather armour (worn)
Comestibles
 d - 3 bread rations
 g - a rotting chunk of giant cockroach flesh
 q - a lychee
Scrolls
 i - a scroll of random uselessness {unknown}
 j - 5 scrolls of remove curse {unknown}
 m - a scroll of blinking {unknown}
 u - a scroll of noise {unknown}
 x - a scroll of teleportation {unknown}
Jewellery
 v - an uncursed ring of invisibility {unknown}
Potions
 n - a potion of agility {unknown}
 o - a potion of restore abilities
 r - a potion of brilliance {unknown}
 s - a potion of heal wounds {unknown}
 w - a potion of invisibility {unknown}
Books
 c - a book of Minor Magic

   Spells                             Type                      Level
   *Magic Dart                        Conjuration                  1
   *Blink                             Translocation                2
   *Call Imp                          Summoning                    2
   Repel Missiles                     Charms/Air                   2
   Slow                               Hexes                        2
   Conjure Flame                      Conjuration/Fire             3
   *Mephitic Cloud                    Conjuration/Poison/Air       3


   Skills:
 + Level 0.6 Short Blades
 + Level 1.1 Armour
 + Level 2.4 Dodging
 + Level 2.3 Stealth
 + Level 3.9 Spellcasting
 + Level 1.4 Conjurations
 + Level 1.4 Summonings
 + Level 1.0 Translocations


You had 2 spell levels left.
You knew the following spells:

 Your Spells              Type           Power        Failure   Level  Hunger
a - Magic Dart            Conj           #...         10%         1    None
b - Blink                 Tloc           N/A          17%         2    #......
c - Call Imp              Summ           #.........   14%         2    #......
d - Mephitic Cloud        Conj/Pois/Air  #.......     38%         3    ###....


Dungeon Overview and Level Annotations

Branches:
Dungeon (4/27)
 Temple: D:4-7

Altars:
Sif Muna


Message History

The magic dart hits you!
* * * LOW HITPOINT WARNING * * *
The quokka bites you.
* * * LOW HITPOINT WARNING * * *
You see here a giant gecko corpse.
You closely miss it.
* * * LOW HITPOINT WARNING * * *
You feel sick. It hits you but does no damage. The quokka barely misses you.
The quokka closely misses you.
You see here a rat corpse.
Drink which item? (? for menu, Esc to quit)
You feel refreshed.
It was a potion of restore abilities.
You hear some strange, mumbled words.
The puff of flame misses you. The quokka completely misses you.
Drink which item? (? for menu, Esc to quit)
You feel very mighty all of a sudden.
It was a potion of might.
You hear some strange, mumbled words.
The magic dart hits you!
You die...

.. .#.#
....##############
#.#.#...##........#
.......#@##....>...######
#.r{'%.%...........
........###......#.#''#.#
#.#.#.# #........#..#..
..... #......###..###
.#.#.# #......'.#$%#.' .
.. #.....{' #$?#.' #.#
#......######## .
###+##.. #..


You could see a quokka.

Vanquished Creatures
  An adder (D:3)
  4 giant geckos
  A ball python (D:2)
  3 bats
  2 giant cockroaches
  5 hobgoblins
  4 jackals (D:2)
  5 kobolds
  A quokka (D:3)
  3 giant newts
  4 goblins
  11 rats
44 creatures vanquished.

Vanquished Creatures (collateral kills)
  3 adders
  A worm (D:2)
  An orc (D:3)
  A bat (D:3)
  2 goblins
  A hobgoblin (D:1)
  3 kobolds (D:1)
  2 rats
14 creatures vanquished.

Grand Total: 58 creatures vanquished

Notes
Turn   | Place    | Note
--------------------------------------------------------------
     0 | D:1      | Grandi, the Human Wizard, began the quest for the Orb.
     0 | D:1      | Reached XP level 1. HP: 11/11 MP: 5/5
   432 | D:1      | Reached XP level 2. HP: 3/17 MP: 0/7
   436 | D:1      | Learned a level 2 spell: Blink
   439 | D:1      | Learned a level 2 spell: Call Imp
  1483 | D:1      | Reached XP level 3. HP: 22/22 MP: 7/9
  1488 | D:1      | Learned a level 3 spell: Mephitic Cloud
  2608 | D:2      | Reached XP level 4. HP: 12/28 MP: 2/11
  2977 | D:2      | Found a deep blue altar of Sif Muna.
  2983 | D:2      | Became a worshipper of Sif Muna the Loreminder
  3454 | D:3      | Reached skill level 1 in Armour
  3479 | D:3      | Killed from afar by an orc wizard

Action                   |  1- 3 |  4- 6 || total
-------------------------+-------+-------++-------
Melee: Unarmed           |    44 |       ||    44
       Dagger            |    27 |    30 ||    57
Throw: Dart              |     1 |       ||     1
 Cast: Magic Dart        |    87 |     6 ||    93
       Call Imp          |    10 |     4 ||    14
       Blink             |       |     2 ||     2
       Mephitic Cloud    |       |     1 ||     1
  Use: Scroll            |     4 |       ||     4
       Potion            |     2 |     2 ||     4
